 Dungeon Crawl Stone Soup version 0.24-a0-235-g3f03afc (webtiles) character file.

Game seed: 4637494827659402631

19 technobutter the Skirmisher (level 2, -6/24 HPs)
             Began as a Merfolk Fighter on Apr 6, 2019.
             Mangled by a gnoll
             ... wielding a +0 halberd
              (7 damage)
             ... on level 2 of the Dungeon.
             The game lasted 00:01:48 (422 turns).

technobutter the Skirmisher (Merfolk Fighter)        Turns: 422, Time: 00:01:49

Health: -6/24      AC:  6    Str: 16    XL:     2   Next: 75%
Magic:  2/2        EV:  6    Int:  7    God:
Gold:   20         SH:  9    Dex: 13    Spells: 1/1 levels left

rFire    . . .     SeeInvis .   a - +0 trident
rCold    . . .     Gourm    .   c - +0 shield
rNeg     . . .     Faith    .   b - +0 scale mail
rPois    .         Spirit   .   (no helmet)
rElec    .         Reflect  .   (no cloak)
rCorr    .         Harm     .   (no gloves)
MR       .....                  (no boots)
Stlth    ..........             (no amulet)
HPRegen  0.08/turn              (no ring)
MPRegen  0.08/turn              (no ring)

@: no status effects
A: change form in water, swift swim, stealthy swim
a: no special abilities


You were on level 2 of the Dungeon.
You were not hungry.

You visited 1 branch of the dungeon, and saw 2 of its levels.

You collected 20 gold pieces.

Inventory:

Hand Weapons
 a - a +0 trident (weapon)
Armour
 b - a +0 scale mail (worn)
 c - a +0 shield (worn)
Jewellery
 e - an uncursed amulet of magic regeneration {unknown}
Potions
 d - a potion of might
 g - a potion of lignification {unknown}
 h - a potion of heal wounds {unknown}
 i - a potion of magic {unknown}
 j - a potion of agility {unknown}
 k - a potion of curing {unknown}
Comestibles
 f - a ration


   Skills:
 + Level 3.5 Fighting
 + Level 3.1 Polearms
 + Level 2.6 Armour
 + Level 3.2 Shields


You had one spell level left.
You didn't know any spells.
Your spell library was empty.

Dungeon Overview and Level Annotations

Branches:
Dungeon (2/15)

Altars:


Message History

The hobgoblin is almost dead.
A kobold comes into view. It is wielding a +0 short sword.
You block the gnoll's attack. You block the hobgoblin's attack.
You hit the hobgoblin.
You kill the hobgoblin!
An ooze comes into view.
The ooze quivers.
The gnoll hits you from afar with a +0 halberd!
* * * LOW HITPOINT WARNING * * *
You closely miss the gnoll. You block the gnoll's attack.
The gnoll hits you but does no damage. x2
You hit the gnoll.
The gnoll is moderately wounded.
The gnoll closely misses you. You block the kobold's attack.
The gnoll hits you with a +0 whip.
* * * LOW HITPOINT WARNING * * *
You closely miss the gnoll.
The gnoll is moderately wounded.
The gnoll hits you from afar with a +0 halberd!
You die...

#..# ..# . ...
.. ?.. ..≈ #(#
...≈
#.###.##..(..
#....J....≈..
############K#
......(<..##@#
#######.....g#
#...#..g......
#####.##....#.
#.# ....# #.#
...# #.# ...#
#.# .... #..
.w.#


You could see 2 gnolls, an ooze and a kobold.

Vanquished Creatures
  A dart slug (D:1)
  3 goblins (D:1)
  4 hobgoblins
  2 bats (D:1)
  2 kobolds (D:1)
  5 rats (D:1)
17 creatures vanquished.

Notes
Turn   | Place    | Note
-------+----------+-------------------------------------------
     0 | D:1      | technobutter the Merfolk Fighter began the quest for the
                  | Orb.
     0 | D:1      | Reached XP level 1. HP: 18/18 MP: 1/1
     2 | D:1      | Noticed a draconian
     2 | D:1      | Noticed a dwarf
     4 | D:1      | Noticed an elf
     6 | D:1      | Noticed a centaur
     8 | D:1      | Noticed a halfling
     8 | D:1      | Noticed a merfolk
    10 | D:1      | Noticed a vampire
    10 | D:1      | Noticed a tengu
    12 | D:1      | Noticed a felid
    12 | D:1      | Noticed a human
    14 | D:1      | Noticed a demonspawn
    16 | D:1      | Noticed an octopode
    16 | D:1      | Noticed a ghoul
    18 | D:1      | Noticed a vine stalker
    18 | D:1      | Noticed a demigod
    20 | D:1      | Noticed a formicid
    20 | D:1      | Noticed a spriggan
    22 | D:1      | Noticed a troll
    24 | D:1      | Noticed an ogre
    24 | D:1      | Noticed a gargoyle
    26 | D:1      | Noticed a naga
    26 | D:1      | Noticed a minotaur
   209 | D:1      | Reached XP level 2. HP: 24/24 MP: 2/2
   421 | D:2      | HP: 1/24 [gnoll/+0 whip (3)]
   422 | D:2      | Mangled by a gnoll

Levels and vault maps discovered:
D:1:      kb_arrival_jail, layout_basic, corexii_leaking_fountain,
          serial_bayou_crossing
D:2:      layout_loops_cross, skrybe_limestone_x

Action                   || total
-------------------------++-------
Melee: Trident           ||    47
Armor: Scale mail        ||    18
Dodge: Dodged            ||    13
Block: Shield            ||    22

Table legend:
 A = Non-vault XP
 B = Vault XP
 C = Vault XP percentage of total XP
 D = Non-vault monster count
 E = Vault monster count
 F = Vault count percentage of total count
                 A         B        C        D         E       F
            +---------+---------+-------+---------+---------+-------
      Total |      28 |       0 |   0.0 |      17 |       0 |   0.0
            +---------+---------+-------+---------+---------+-------
        D:1 |      26 |       0 |   0.0 |      16 |       0 |   0.0
        D:2 |       2 |       0 |   0.0 |       1 |       0 |   0.0
            +---------+---------+-------+---------+---------+-------
